 Dungeon Crawl Stone Soup version 0.27-a0-216-g1fbed8a51c (webtiles) character file.

Game seed: 15216812363578390986

42 iamserjio the Skirmisher (level 3, -8/35 HPs)
             Began as a Gnoll Abyssal Knight on Jan 31, 2021.
             Was a Follower of Lugonu.
             Killed by nerve-wracking pain
             ... invoked by a shadow imp
             ... summoned by Natasha
              (12 damage)
             ... on level 3 of the Dungeon.
             The game lasted 00:02:36 (501 turns).

iamserjio the Skirmisher (Gnoll Abyssal Knight)      Turns: 501, Time: 00:02:36

Health: -8/35      AC:  3    Str: 11    XL:     3   Next: 54%
Magic:  6/6        EV: 12    Int: 12    God:    Lugonu [*.....]
Gold:   76         SH:  0    Dex: 11    Spells: 3/3 levels left

rFire    . . .     SeeInvis .   a - +1 falchion
rCold    . . .     Faith    .   (no shield)
rNeg     . . .     Spirit   .   b - +0 leather armour
rPois    .         Reflect  .   (no helmet)
rElec    .         Harm     .   (no cloak)
rCorr    .         Rampage  .   (no gloves)
Will     .....                  (no boots)
Stlth    +.........             (no amulet)
HPRegen  0.11/turn              (no ring)
MPRegen  0.10/turn              (no ring)

@: slowed, very slow
A: distributed training, fangs 1, strong nose
a: Renounce Religion, Depart the Abyss


You were on level 3 of the Dungeon.
You worshipped Lugonu.
Lugonu was aware of your devotion.
You visited 1 branch of the dungeon, and saw 3 of its levels.
You visited the Abyss 1 time.

You collected 76 gold pieces.

Inventory:

Hand Weapons
 a - a +1 falchion (weapon)
 d - a +1 short sword of distortion
 g - a +2 whip of electrocution
Armour
 b - a +0 leather armour (worn)
 j - a +1 robe of positive energy
Jewellery
 m - an uncursed ring of see invisible {unknown}
Scrolls
 c - a scroll of magic mapping {unknown}
 e - 2 scrolls of identify {unknown}
 f - 3 scrolls of teleportation {unknown}
 i - a scroll of amnesia {unknown}
Potions
 h - a potion of brilliance {unknown}
 k - a potion of degeneration {unknown}
 l - a potion of curing {unknown}


   Skills:
 + Level 6.5 Fighting
 + Level 0.8 Short Blades
 + Level 4.5 Long Blades
 + Level 0.8 Axes
 + Level 0.8 Maces & Flails
 + Level 0.8 Polearms
 + Level 0.8 Staves
 + Level 0.8 Slings
 + Level 0.8 Bows
 + Level 0.8 Crossbows
 + Level 0.8 Throwing
 + Level 4.5 Armour
 + Level 2.6 Dodging
 + Level 0.8 Stealth
 + Level 0.8 Shields
 + Level 0.8 Unarmed Combat
 + Level 0.8 Spellcasting
 + Level 0.5 Conjurations
 + Level 0.5 Hexes
 + Level 0.5 Summonings
 + Level 0.5 Necromancy
 + Level 0.5 Translocations
 + Level 0.5 Transmutations
 + Level 0.5 Fire Magic
 + Level 0.5 Ice Magic
 + Level 0.5 Air Magic
 + Level 0.5 Earth Magic
 + Level 0.5 Poison Magic
 + Level 4.6 Invocations
 + Level 0.8 Evocations


You had 3 spell levels left.
You didn't know any spells.
Your spell library was empty.

Dungeon Overview and Level Annotations

Branches:
Dungeon (3/15)

Altars:

Annotations:
D:3 Natasha


Innate Abilities, Weirdness & Mutations

Your experience applies equally to all skills.
You have very sharp teeth.
Your uncanny sense of smell can sniff out nearby items.


Message History

Found a scroll labelled PIGGAL QIUWACIE.
Found a leather armour.
You hit Natasha but do no damage. Natasha claws you!
Natasha closely misses you.
You hit Natasha. Natasha closely misses you.
Natasha casts a spell.
You hit Natasha but do no damage.
The shadow imp hits you but does no damage.
Natasha casts a spell.
You hit Natasha but do no damage. Natasha closely misses you.
The shadow imp closely misses you. The iron imp closely misses you.
Natasha claws you.
* * * LOW HITPOINT WARNING * * *
The shadow imp hits you.
* * * LOW HITPOINT WARNING * * *
You hit Natasha. Natasha claws you.
* * * LOW HITPOINT WARNING * * *
The shadow imp gestures at you. Pain shoots through your body!
You die...

#.. .. ####.# ?. ..##.#
.# #.##.### .####.##<#..
# ..##.##.#.# ###.
#.##[##.#.#
.....##h##.##.#.###.#
#....@5.##.......#
#####5#######†#####
##.##..# ####.#.###
#....#)####........#
+.....(###......K.......+
####..# ##.##.##.......#
##. #.###.##.....K.# #
#.# #.####.....# #.# #..
....##


You could see an iron imp (summoned), Natasha and a shadow imp (summoned).

Vanquished Creatures
  An adder (D:2)
  A dart slug (D:1)
  A leopard gecko (D:1)
  2 giant cockroaches
  6 goblins (D:1)
  6 hobgoblins
  3 bats (D:1)
  3 frilled lizards
  3 kobolds
  A rat (D:1)
27 creatures vanquished.

Notes
Turn   | Place    | Note
-------+----------+-------------------------------------------
     0 | Abyss:1  | iamserjio the Gnoll Abyssal Knight began the quest for the
                  | Orb.
     0 | Abyss:1  | Reached XP level 1. HP: 23/23 MP: 3/3
    51 | Abyss:1  | Noticed a large abomination
    57 | D:1      | Escaped the Abyss
   164 | D:1      | Reached * piety under Lugonu
   165 | D:1      | Reached XP level 2. HP: 29/29 MP: 5/5
   302 | D:1      | Reached XP level 3. HP: 31/35 MP: 6/6
   492 | D:3      | Noticed Natasha
   501 | D:3      | Killed from afar by a shadow imp

Illustrated notes

Levels and vault maps discovered:
D:1:      mushboom_english_gardens, layout_basic, item_on_display_a
D:2:      layout_rooms, minmay_octomino_j4
D:3:      layout_loops_corners, gammafunk_ghost_necromancy, uniq_terence,
          uniq_natasha, uniq_grinder

Action                   || total
-------------------------++-------
Melee: Falchion          ||    80
       Bite              ||     7
Invok: Depart the Abyss  ||     1
 Stab: Sleeping          ||     1
Armor: Leather armour    ||    24
Dodge: Dodged            ||    58
       Rpst.: Falchion   ||    15

Table legend: (Time is in decaauts)
 A = Elapsed time spent in this place.
 B = Non-inter-level travel time spent in this place.
 C = Inter-level travel time spent in this place.
 D = Time resting spent in this place.
 E = Time spent auto-exploring this place.
 F = Levels seen in this place.
 G = Mean time per level.
                   A        B        C        D        E       F      G
               +--------+--------+--------+--------+--------+-----+--------+
         Total |    511 |    454 |     57 |      0 |      0 |   4 |  127.8 |
       Dungeon |    454 |    397 |     57 |      0 |      0 |   3 |  151.3 |
         Abyss |     57 |     57 |      0 |      0 |      0 |   1 |   57.0 |
               +--------+--------+--------+--------+--------+-----+--------+

Top non-repeatable levels by time:
     D:1: 369 daAuts
 Abyss:1: 57 daAuts
     D:3: 44 daAuts
     D:2: 40 daAuts
